[Event "Saint Louis Masters"]
[Date "2024.12.07"]
[White "Shankland, Sam"]
[Black "Bok, Benjamin"]
[WhiteElo "2672"]
[BlackElo "2593"]
[Round "9.5"]
[Result "1/2-1/2"]
[TimeControl "5400+30"]

1. d4 Nf6 2.
c4 e6 3. Nf3 d5 4. g3 Be7 5. Bg2 O-O 6. O-O dxc4 7. Qa4 a6 8. Qxc4 b5 9. Qc2 Bb7 10. Bd2 Ra7 11. Rc1 Be4 12. Qc3 Nc6 13. Be3 Ng4 14. Nbd2 Bb4 15. Qb3 Bxd2 16.
Bxd2 Nxd4 17. Qd1 c5 18. Nxd4 Bxg2 19. Nb3 c4 20. Kxg2 Rd7 21. Qg1 Rxd2 22. Nxd2 Qxd2 23. h3 Ne5 24. Qd1 Qxb2 25. a4 Ng6 26. axb5 axb5 27. Rcb1 Qe5 28. Ra6 Rb8 29. Kg1 Qe4 30. Rd6 h6 31. Rd4 Qe5 32. e3 Kh7 33. Qf3 Qc7 34. Qe4 Kg8 35. Rc1 Ne5 36. f4 Nd7 37. Rb1 Nc5 38. Qc2 Qa7 39. Rxb5 Ra8 40. Rxc4 Nd7 41. Rc8+ Rxc8 42. Qxc8+ Kh7 43. Qc3 f5 44. g4 Nf6 45. Qd3 Nd5 46. Rxd5 exd5 47. Qxf5+ Kh8 48. Qe5 Qa5 49. Qb8+ Kh7 50. Qb1+ Kh8 51. Qd1 Qc3 52. Kf2 Qb2+ 53. Kg3 Qa3 54. Qd4 Qc1 55. Kh4 Kh7 56. f5 Qe1+ 57. Kh5 Qf1 58. h4 Qa6 59. g5 Qe2+ 60. Qg4 Qxe3 61. Qg2 Qe5 62. Qc2 Qe8+ 63. g6+ Kg8 64. Kg4 Qd8 65. Qb3 Kh8 66. Qb7 Qe8 67. Qxd5 h5+ 68. Kf4 Qe3+ 69. Kxe3 1/2-1/2

[Site "Europe Echecs"]

[Event "Saint Louis Masters"]
[Date "2024.12.07"]
[White "Saric, Ivan"]
[Black "Heimann, Mark"]
[WhiteElo "2669"]
[BlackElo "2459"]
[Round "9.6"]
[Result "1-0"]
[TimeControl "5400+30"]

1. Nf3 d5 2.
g3 Nf6 3.
Bg2 c5 4.
O-O e6 5. c4 dxc4 6. Na3 Bd7 7. Ne5 Qc7 8. Naxc4 Nc6 9. d4 Nxd4 10. Bf4 Nh5 11. e3 Nxf4 12.
gxf4 Nc6 13.
Nxd7 Qxd7 14. Qa4 Rc8 15. Rfd1 Qc7 16. Rd3 Be7 17. Rad1 O-O 18. Rd7 Qb8 19. Qb3 Bf6 20. Rxb7 Qa8 21. Rdd7 Nd8 22. Rb5 Nc6 23. Rxc5 Rfd8 24. Rxd8+ Bxd8 25. Qa4 1-0

[Site "Europe Echecs"]

[Event "Saint Louis Masters"]
[Date "2024.12.07"]
[White "Cordova, Emilio"]
[Black "Mishra, Abhimanyu"]
[WhiteElo "2531"]
[BlackElo "2616"]
[Round "9.7"]
[Result "1/2-1/2"]
[TimeControl "5400+30"]

1. Nf3 Nf6 2. b3 d5 3.
e3 Bf5 4.
Be2 h6 5. c4 e6 6. cxd5 exd5 7. Bb2 Bd6 8. O-O O-O 9. Re1 Nbd7 10. Na3 c6 11. Nc2 a5 12. d3 Re8 1/2-1/2

[Site "Europe Echecs"]

[Event "Saint Louis Masters"]
[Date "2024.12.07"]
[White "Theodorou, Nikolas"]
[Black "Woodward, Andy"]
[WhiteElo "2600"]
[BlackElo "2530"]
[Round "9.8"]
[Result "0-1"]
[TimeControl "5400+30"]

1. Nf3 Nf6 2. c4 g6 3.
b3 Bg7 4.
Bb2 O-O 5.
g3 b6 6. Bg2 Bb7 7. O-O e6 8. Nc3 d5 9. cxd5 Nxd5 10. Qc1 c5 11. Rd1 Nd7 12. Nxd5 Bxd5 13.
Bxg7 Kxg7 14. d4 Qf6 15. dxc5 Nxc5 16. Qe3 Bxf3 17. Bxf3 Rac8 18. Rac1 Qb2 19. h4 h6 20. h5 g5 21. Rc3 Rcd8 22. Qe5+ Kg8 23. Rdc1 Qd2 24. Qf6 a5 25. e3 Qd6 26. Rd1 Qxd1+ 27. Bxd1 Rxd1+ 28. Kg2 Ne4 29. Qxh6 Rd2 30. Kf3 Nxc3 31. Qxg5+ Kh7 32. Qe7 Rg8 33. Qxf7+ Rg7 34. Qxe6 Nd1 35. g4 Rxf2+ 36. Kg3 Rf1 37. Kg2 Rgf7 38. Qg6+ Kh8 39. Qh6+ Kg8 40. Qg6+ Kh8 41. Qh6+ Kg8 42. Qxb6 R1f2+ 43. Kg3 R2f3+ 44.
Kh4 Nf2 45. Qe6 Kh8 46. Qh6+ Rh7 47. Qc6 Rh3+ 48. Kg5 Rg7+ 49. Kf5 Nxg4 50. Kf4 Rxe3 51. Qa8+ Kh7 52. Qxa5 Ree7 53. Qa6 Nf2 54. Kf3 Rgf7+ 55.
Kg2 Ne4 56.
Qg6+ Kh8 57. h6 Rf2+ 58. Kh3 Rf6 59. Qh5 Kh7 60. Qb5 Rxh6+ 61. Kg4 Rg6+ 62. Kh4 Reg7 63. Qf5 Nd6 64. Qd3 Kh8 65. Kh5 Rg5+ 0-1

[Site "Europe Echecs"]

[Event "Saint Louis Masters"]
[Date "2024.12.07"]
[White "Batsuren, Dambasuren"]
[Black "Quesada Perez, Yasser"]
[WhiteElo "2531"]
[BlackElo "2577"]
[Round "9.9"]
[Result "0-1"]
[TimeControl "5400+30"]

1. d4 d5 2.
c4 e6 3. Nc3 Bb4 4. Nf3 dxc4 5. e3 b5 6. a4 c6 7. Bd2 a5 8. axb5 Bxc3 9. Bxc3 cxb5 10. b3 Bb7 11. bxc4 b4 12. Bb2 Nf6 13. Bd3 O-O 14. O-O Nbd7 15. Nd2 Nc5 16. Bc2 Nce4 17. f3 Nxd2 18.
Qxd2 Qe7 19.
Ra2 Rfc8 20.
Bb3 Nd7 21.
Rfa1 Qd8 22.
Qf2 Ra6 23.
Qg3 e5 24.
c5 e4 25.
fxe4 Rg6 26.
Qf3 Rf6 27.
Qh5 Bxe4 28.
Rxa5 Rg6 29.
g3 Nf6 30.
Qe5 Qd7 31.
Bc4 Rh6 32.
Bxf7+ Qxf7 33. Ra7 Qb3 34. Bc3 bxc3 0-1

[Site "Europe Echecs"]

[Event "Saint Louis Masters"]
[Date "2024.12.07"]
[White "Harsha Bharathakoti"]
[Black "Swiercz, Dariusz"]
[WhiteElo "2531"]
[BlackElo "2574"]
[Round "9.10"]
[Result "1/2-1/2"]
[TimeControl "5400+30"]

1. d4 Nf6 2.
c4 e6 3. Nf3 d5 4. Nc3 Nbd7 5. Qc2 c6 6. e4 Nxe4 7. Nxe4 dxe4 8. Qxe4 Bb4+ 9. Bd2 Bxd2+ 10.
Nxd2 c5 11.
dxc5 Qa5 12.
a3 Qxc5 13.
b4 Qe5 14.
Qxe5 Nxe5 15. Be2 b6 16. f4 Ng6 17. Bf3 Rb8 18. g3 e5 19. fxe5 Nxe5 20. Bd5 Bb7 21. Bxb7 Rxb7 22. O-O O-O 23. Rac1 Rc7 24. c5 bxc5 25. Rxc5 Rxc5 26. bxc5 Rb8 27. Nf3 Nxf3+ 28. Rxf3 Kf8 29. Rf4 Rb5 30. Rb4 a6 31. Ra4 a5 32. c6 Ke7 33. Rd4 Rc5 34. Rd7+ Ke6 35. Ra7 Rxc6 1/2-1/2